 Dungeon Crawl Stone Soup version 0.31.0-11-ge490571c62 (webtiles) character file.

Game seed: 6728935155927029965

714 Flugkiller the Chiller (level 7, -7/30 (32) HPs)
             Began as a Vine Stalker Ice Elementalist on Feb 3, 2024.
             Was an Initiate of Sif Muna.
             Mangled by a wight
             ... wielding a +0 morningstar
              (11 damage)
             ... on level 6 of the Dungeon.
             The game lasted 00:04:46 (1114 turns).

Flugkiller the Chiller (VSIE)                       Turns: 1114, Time: 00:04:46

HP:   -7/30 (32)    AC:  2    Str:  8 (11) XL:     7   Next: 69%
MP:   0/17          EV: 12    Int: 15 (17) God:    Sif Muna [......]
Gold: 119           SH:  0    Dex: 11 (14) Spells: 11/18 levels left

rFire   . . .        m - +1 rapier (speed)
rCold   . . .        (no shield)
rNeg    . . .        a - +0 robe
rPois   .            (no helmet)
rElec   .            (no cloak)
rCorr   .            (no gloves)
SInv    .            (no boots)
Will    .....        (no amulet)
Stlth   ++           (no ring)
HPRegen 1.05/turn    (no ring)
MPRegen 0.15/turn

%: guardian spirit
@: drained
A: fangs 2, regeneration 1, magic shield, antimagic bite, no potion heal 2
a: Renounce Religion


You were on level 6 of the Dungeon.
You worshipped Sif Muna.
Sif Muna was noncommittal.
You visited 2 branches of the dungeon, and saw 7 of its levels.

You collected 119 gold pieces.

Inventory:

Hand Weapons
 e - a +0 dagger
   (You found it on level 2 of the Dungeon)
 i - a +1 short sword of draining
   (You took it off an orc on level 5 of the Dungeon)
 k - a +0 rapier
   (You took it off Eustachio on level 4 of the Dungeon)
 m - a +1 rapier of speed (weapon)
   (You found it on level 5 of the Dungeon)
Armour
 a - a +0 robe (worn)
Talismans
 c - a flux talisman
   (You found it on level 1 of the Dungeon)
Scrolls
 d - a scroll of enchant weapon {unknown}
 g - a scroll of immolation {unknown}
 l - a scroll of revelation {unknown}
 r - 2 scrolls of identify
Potions
 f - a potion of heal wounds {unknown}
 j - a potion of brilliance
 n - a potion of ambrosia {unknown}
 q - a potion of curing


   Skills:
 - Level 1.5 Dodging
 - Level 2.4 Stealth
 + Level 6.2 Spellcasting
 + Level 7.1 Ice Magic


You had 11 spell levels left.
You knew the following spells:

 Your Spells              Type           Power      Damage    Failure   Level
a - Freeze                Ice            100%       1d10      1%          1
b - Frozen Ramparts       Ice            50%        1d8       2%          3
c - Ozocubu's Armour      Ice            25%        N/A       2%          3

Your spell library contained the following spells:

 Spells                   Type           Power      Damage    Failure   Level
 Summon Ice Beast         Ice/Summ       15%        N/A       10%         3


Dungeon Overview and Level Annotations

Branches:
Dungeon (6/15) Zot: 26922  Temple (1/1) D:4 Zot: 5963

Altars:
Ashenzari
Dithmenos
Elyvilon
Fedhas
Gozag
Hepliaklqana
Kikubaaqudgha
Nemelex Xobeh
Okawaru
Qazlal
Sif Muna
Xom
Yredelemnul
Zin


Innate Abilities, Weirdness & Mutations

You have extremely sharp teeth.
Your natural rate of healing is unusually fast.
When hurt, damage is shared between your health and your magic reserves.
Your bite disrupts and absorbs the magic of your enemies.
Potions cannot restore your health.


Message History

Roots grab the wight.
The grasping roots constrict the wight.
The wight barely misses you.
Unknown command.
You hit the wight. Your bite misses the wight.
The wight is moderately damaged.
The grasping roots constrict the wight.
The roots release their grip on the wight.
Aiming: Fastroot
Press: ? - help, Shift-Dir - straight line, f - wight
Aim: a wight, wielding a +4 morningstar and wearing a +0 robe The roots erupt in riotous growth!
Roots grab the wight. x3
The grasping roots constrict the wight. x3; The wight closely misses you. x2
Unknown command.
You hit the wight.
The wight is almost destroyed.
The grasping roots constrict the wight. x3
The wight hits you with a +0 vampiric falchion!
You feel drained.
The wight draws strength from your wounds!
The wight hits you with a +4 morningstar!
Unknown command.
You hit the wight. You bite the wight, but do no damage.
The wight is almost destroyed.
The grasping roots constrict the wight. x2
You destroy the wight!
Sif Muna accepts your kill.
The grasping roots constrict the wight, but do no damage.
The roots release their grip on the wight. x2
Your life force feels restored.
Unknown command.
You closely miss the wight. You bite the wight, but do no damage.
The wight is heavily damaged.
The wight hits you with a +4 morningstar!
* * * LOW HITPOINT WARNING * * *
Unknown command.
Aiming: Fastroot
Press: ? - help, Shift-Dir - straight line, f/p - wight
Aim: a wight, wielding a +4 morningstar and wearing a +0 robe (heavily damaged)
The roots erupt in riotous growth!
Roots grab the wight. x2
The grasping roots constrict the wight. x2
The wight struggles to escape constriction.
Unknown command.
You hit the wight. You bite the wight, but do no damage.
The wight is severely damaged.
The grasping roots constrict the wight. x2
The roots release their grip on the wight. x2
Unknown command.
Aiming: Fastroot
Press: ? - help, Shift-Dir - straight line, p - wight The roots erupt in riotous growth!
Roots grab the wight. x2
The grasping roots constrict the wight.
You destroy the wight!
Sif Muna accepts your kill.
The grasping roots constrict the wight, but do no damage.
The wight escapes!
Your Spellcasting skill increases to level 6!
Unknown command.
Aiming: Fastroot
Press: ? - help, Shift-Dir - straight line, f - wight
Aim: a wight, wielding a +3 scimitar and wearing a +0 robe (heavily damaged)
The roots erupt in riotous growth!
Roots grab the wight. x2
The now-empty wand crumbles to dust.
The grasping roots constrict the wight. x2
The wight hits you with a +3 scimitar!
* * * LOW HITPOINT WARNING * * *
You feel drained.
* * * LOW HITPOINT WARNING * * *
Unknown command.
You barely miss the wight. You bite the wight, but do no damage.
The wight is almost destroyed.
The grasping roots constrict the wight. x2
You destroy the wight!
Sif Muna accepts your kill.
The roots release their grip on the wight.
Your life force feels restored.
Your Ice Magic skill increases to level 7!
Unknown command.
Okay, then.
Unknown command.
Okay, then.
Okay, then.
Okay, then.
Unknown command.
Unknown command.
As you read the scroll labelled NIRYRU UNEIGAO, it crumbles to dust.
It is a scroll of identify.
j - a potion of brilliance;
r - 2 scrolls of identify The wight hits you with a +0 morningstar.
* * * LOW HITPOINT WARNING * * *
You feel drained.
* * * LOW HITPOINT WARNING * * *
Unknown command.
It was a potion of degeneration.
There was something very wrong with that liquid.
You feel weakened.
You feel dopey.
You feel clumsy.
The wight hits you with a +0 morningstar!
You die...

#####....# ####.......#
#........#
#......#....( #.......#
#......# ####
#.......####......#
#####..........'......#
#...'......#####......#
#.###.................#
#.#
#######.............
#.# #..@)..######## #.#
####z### #.# .# #.# .#
#.# .# #.# .# .# .#


You could see a wight.

Vanquished Creatures
  Eustachio (D:4)
  A black bear (D:5)
  An ogre (D:5)
  4 wights
  A howler monkey (D:4)
  A bombardier beetle (D:5)
  2 orc wizards
  2 adders
  A shadow imp (D:5)
  2 ufetubi (D:6)
  A dart slug (D:1)
  9 orcs
  A bat zombie (D:2)
  2 giant cockroaches
  A goblin (D:4)
  A kobold (D:2)
  A quokka (D:1)
  3 ball pythons
  A ball python zombie (D:2)
36 creatures vanquished.

Notes
Turn   | Place    | Note
-------+----------+-------------------------------------------
     0 | D:1      | Flugkiller the Vine Stalker Ice Elementalist began the
                  | quest for the Orb.
     0 | D:1      | Reached XP level 1. HP: 9/9 MP: 4/4
   136 | D:2      | Reached XP level 2. HP: 9/13 MP: 0/6
   227 | D:3      | Reached XP level 3. HP: 15/16 MP: 1/8
   299 | D:4      | Reached XP level 4. HP: 10/21 MP: 0/10
   309 | D:4      | Learned a level 3 spell: Frozen Ramparts
   313 | D:4      | Learned a level 3 spell: Ozocubu's Armour
   370 | D:4      | Found a white marble altar of Elyvilon.
   388 | D:5      | Entered Level 5 of the Dungeon
   445 | D:4      | Reached skill level 5 in Ice Magic
   460 | D:4      | Noticed Eustachio
   494 | D:4      | Killed Eustachio
   495 | D:4      | Reached XP level 5. HP: 14/24 MP: 2/13
   495 | D:4      | Reached XP level 6. HP: 17/28 MP: 2/14
   594 | D:4      | Found a staircase to the Ecumenical Temple.
   602 | Temple   | Entered the Ecumenical Temple
   620 | Temple   | Became a worshipper of Sif Muna the Loreminder
   905 | D:5      | Reached skill level 6 in Ice Magic
   954 | D:5      | Reached skill level 5 in Spellcasting
   981 | D:5      | Noticed a black bear
   998 | D:5      | Killed a black bear
   999 | D:5      | Reached XP level 7. HP: 27/32 MP: 4/16
  1113 | D:6      | Reached skill level 7 in Ice Magic
  1114 | D:6      | Mangled by a wight

Illustrated notes

Levels and vault maps discovered:
D:1:      kennysheep_arrival_seaside, layout_loops_ring
D:2:      layout_loops_ring, serial_undead, serial_undead_c, serial_undead_e,
          serial_undead_a, serial_undead_f, serial_undead_c, serial_undead_f,
          st_stairs_5
D:3:      layout_basic, lemuel_round_altar, serial_park_tiny_pond,
          minmay_misc_feat_rugged, uniq_terence, uniq_ijyb, uniq_jessica
D:4:      layout_loops_ring, elyvilon_altar_5, minmay_temple_entry_purple_smoke,
          grunt_ministairs_12, uniq_eustachio
D:5:      layout_cave_pods, serial_bayou_pond_c
D:6:      kennysheep_big_flooded_room, layout_basic
Temple:   nicolae_temple_bog_church

Skill      XL: |  1  2  3  4  5  6  7 |
---------------+----------------------+-----
Spellcasting   | 3 4 5 6 |  6.2
Ice Magic      | 5 6 7 |  7.1
Dodging        | |  1.5
Stealth        | |  2.4

Action                     |  1- 3 |  4- 6 |  7- 9 || total
---------------------------+-------+-------+-------++-------
  Melee: Unarmed           |     4 |       |       ||     4
         Bite              |    13 |     7 |     9 ||    29
         Dagger            |    35 |    16 |       ||    51
         Punch             |       |     1 |       ||     1
         Rapier            |       |    16 |    21 ||    37
   Cast: Freeze            |    18 |    14 |     1 ||    33
         Frozen Ramparts   |       |     4 |     2 ||     6
         Ozocubu's Armour  |       |     1 |     1 ||     2
  Evoke: Wand              |       |     2 |     5 ||     7
    Use: Potion            |     1 |     1 |     1 ||     3
         Scroll            |       |       |     1 ||     1
 Armour: Robe              |    34 |    36 |    20 ||    90
  Dodge: Dodged            |    30 |    33 |    14 ||    77
